 Dungeon Crawl Stone Soup version 0.25-a0-665-ga69d64035b (webtiles) character file.

Game seed: 12517237199268961408, levelgen mode: deterministic

34 Lauz the Conjurer (level 3, -2/26 HPs)
             Began as a Draconian Conjurer on Mar 26, 2020.
             Slain by Terence
             ... wielding a +0 hand axe
              (5 damage)
             ... on level 1 of the Dungeon.
             The game lasted 00:04:12 (1487 turns).

Lauz the Conjurer (Draconian Conjurer)              Turns: 1487, Time: 00:04:12

Health: -2/26      AC:  6    Str: 10    XL:     3   Next: 14%
Magic:  1/6        EV: 12    Int: 16    God:
Gold:   47         SH:  0    Dex: 11    Spells: 5/6 levels left

rFire    . . .     SeeInvis .   (no weapon)
rCold    . . .     Gourm    .   (no shield)
rNeg     . . .     Faith    .   (armour unavailable)
rPois    .         Spirit   .   (helmet restricted)
rElec    .         Reflect  .   (no cloak)
rCorr    +         Harm     .   (no gloves)
MR       .....                  e - +0 pair of boots
Stlth    ++........             (no amulet)
HPRegen  0.08/turn              d - ring of resist corrosion
MPRegen  0.10/turn              (no ring)

@: no status effects
A: unfitting armour, cold-blooded, AC +5
a: no special abilities


You were on level 1 of the Dungeon.
You were hungry.

You visited 1 branch of the dungeon, and saw 2 of its levels.

You collected 47 gold pieces.

Inventory:

Armour
 e - a +0 pair of boots (worn)
Jewellery
 d - a ring of resist corrosion (left hand)
Scrolls
 f - a scroll of noise {unknown}
Comestibles
 b - 2 rations


   Skills:
 - Level 1.7 Dodging
 - Level 1.7 Stealth
 + Level 2.1 Spellcasting
 * Level 5.0 Conjurations


You had 5 spell levels left.
You knew the following spells:

 Your Spells              Type           Power        Failure   Level  Hunger
a - Magic Dart            Conj           ###.         2%          1    #......

Your spell library contained the following spells:

 Spells                   Type           Power        Failure   Level  Hunger
 Searing Ray              Conj           ###...       4%          2    ###....
 Dazzling Flash           Conj/Hex       #.....       22%         3    ###....
 Fulminant Prism          Conj/Hex       #.........   58%         4    #####..
 Iskenderun's Mystic Bla  Conj/Tloc      #.......     58%         4    #####..


Dungeon Overview and Level Annotations

Branches:
Dungeon (2/15)

Altars:

Annotations:
D:1 Terence


Innate Abilities, Weirdness & Mutations

Your plain brown scales are hard. (AC +5)
You cannot fit into any form of body armour.
You are cold-blooded and may be slowed by cold attacks.


Message History

Terence is moderately wounded.
Casting: Magic Dart (safe; 2% risk of failure)
Confirm with . or Enter, or press ? or * to list all spells.
Aiming: Magic Dart (safe; 2% risk of failure)
Press: ? - help, Shift-Dir - straight line, f/p - Terence
Aim: Terence, wielding a +0 hand axe and wearing a +0 scale mail (moderately wounded)
The magic dart hits Terence.
Terence is heavily wounded.
You are feeling hungry.
Terence hits you with a +0 hand axe!
* * * LOW HITPOINT WARNING * * *
Casting: Magic Dart (safe; 2% risk of failure)
Confirm with . or Enter, or press ? or * to list all spells.
Aiming: Magic Dart (safe; 2% risk of failure)
Press: ? - help, Shift-Dir - straight line, f/p - Terence
Aim: Terence, wielding a +0 hand axe and wearing a +0 scale mail (heavily wounded)
The magic dart hits Terence.
Terence is heavily wounded.
Terence hits you with a +0 hand axe.
You die...

...########## #...#≈≈≈≈≈#
............# #####.#.#≈≈≈≈≈#
...########.##### #.....#.#≈≈≈≈≈#
#..# #......# #...#######'###
#..# #..###.###.....#.....# ...#
#.......##..##.#..#### #)##
#...###.##..##)...# ...## #...#
#.##.>##.##.# # ....##
#.#.###@##........# ## .....##
#.....@.##........# ##.
......####...#..#######....####..
......'...................)...'..
......####...#.########....####..
.....## ##.##.# #......# ##.
....## #####.## #.#.##.# ## ...##
#......# #.#.##.# # #'##
##.###..# #.#.##.#


You could see Terence.

Vanquished Creatures
  An adder (D:1)
  2 leopard geckos
  3 bats (D:1)
  2 giant cockroaches (D:1)
  3 goblins
  2 hobgoblins (D:1)
  4 kobolds (D:1)
  A frilled lizard (D:1)
  3 rats (D:1)
21 creatures vanquished.

Notes
Turn   | Place    | Note
-------+----------+-------------------------------------------
     0 | D:1      | Lauz the Draconian Conjurer began the quest for the Orb.
     0 | D:1      | Reached XP level 1. HP: 14/14 MP: 3/3
   194 | D:1      | Reached XP level 2. HP: 20/20 MP: 1/5
  1055 | D:2      | Noticed Terence
  1128 | D:1      | Reached skill level 5 in Conjurations
  1128 | D:1      | Reached XP level 3. HP: 8/26 MP: 2/6
  1487 | D:1      | Slain by Terence

Levels and vault maps discovered:
D:1:      onia_arrival_mini_spirals, layout_loops_corners, serial_rivers,
          chequers_serial_rivers_micro_d, chequers_serial_rivers_micro_e,
          chequers_serial_rivers_room_b, chequers_serial_rivers_small_a,
          chequers_serial_rivers_room_a
D:2:      layout_basic, first_ration, minmay_indecisive_spiral, uniq_terence,
          uniq_crazy_yiuf_cottage

Skill      XL: |  1  2 |
---------------+-------+-----
Conjurations   | 5 |  5.0
Dodging        | |  1.7
Stealth        | |  1.7
Spellcasting   | |  2.1

Action                   || total
-------------------------++-------
Melee: Unarmed           ||    20
       Tailslap          ||     3
 Cast: Magic Dart        ||    47
  Use: Scroll            ||     2
  Eat: Chunk             ||     2
Armor: Skin              ||    10
Dodge: Dodged            ||    26

Table legend:
 A = Non-vault XP
 B = Vault XP
 C = Vault XP percentage of total XP
 D = Non-vault monster count
 E = Vault monster count
 F = Vault count percentage of total count
                 A         B        C        D         E       F
            +---------+---------+-------+---------+---------+-------
      Total |      49 |       0 |   0.0 |      21 |       0 |   0.0
            +---------+---------+-------+---------+---------+-------
        D:1 |      44 |       0 |   0.0 |      19 |       0 |   0.0
        D:2 |       5 |       0 |   0.0 |       2 |       0 |   0.0
            +---------+---------+-------+---------+---------+-------
